 Dungeon Crawl Stone Soup version 0.30-a0-3-gc9032a9cac (webtiles) character file.

Game seed: 4039878996051873300

457 MirrMurr the Poker (level 6, 0/48 HPs)
             Began as a Demonspawn Berserker on Aug 20, 2022.
             Was a Priest of Trog.
             Slain by Menkaure (16 damage)
             ... on level 4 of the Dungeon.
             The game lasted 00:09:37 (4187 turns).

MirrMurr the Poker (Demonspawn Berserker)           Turns: 4187, Time: 00:09:38

Health: 0/48       AC: 14    Str: 17    XL:     6   Next: 77%
Magic:  6/6        EV:  6    Int: 11    God:    Trog [***...]
Gold:   232        SH:  0    Dex: 16    Spells: 5/5 levels left

rFire   . . .      SeeInvis .    a - +0 spear (vorpal)
rCold   + . .      Faith    .    (no shield)
rNeg    . . .      Spirit   .    y - +0 plate armour
rPois   +          Reflect  .    p - +1 helmet
rElec   .          Harm     .    (no cloak)
rCorr   .          Rampage  .    (no gloves)
Will    ++...                    g - +0 pair of boots
Stlth   ..........               (no amulet)
HPRegen 1.16/turn                c - ring of poison resistance
MPRegen 0.10/turn                l - ring of protection from cold

@: strong-willed, regenerating
A: demonic guardian 2, powered by pain 1, camouflage 1, agile 1, clever 1
a: Renounce Religion, Berserk, Trog's Hand


You were on level 4 of the Dungeon.
You worshipped Trog.
Trog was most pleased with you.
You visited 1 branch of the dungeon, and saw 6 of its levels.

You collected 267 gold pieces.
You spent 35 gold pieces at shops.

Inventory:

Hand Weapons
 a - a +0 vorpal spear (weapon)
 u - a +0 trident
Missiles
 d - 9 poisoned darts
 j - 57 stones
 r - a curare-tipped dart
 v - 4 boomerangs (quivered)
Armour
 g - a +0 pair of boots (worn)
 p - a +1 helmet (worn)
 y - a +0 plate armour (worn)
Jewellery
 c - a ring of poison resistance (left hand)
 e - a +6 ring of dexterity
 l - a ring of protection from cold (right hand)
 t - a +4 ring of protection
Wands
 h - a wand of polymorph (7)
Scrolls
 b - 2 scrolls of identify
 f - 6 scrolls of poison
 x - 2 scrolls of blinking
 D - 3 scrolls of enchant armour
Potions
 i - a potion of invisibility {unknown}
 k - a potion of degeneration {unknown}
 m - a potion of heal wounds {unknown}
 n - 2 potions of haste
 o - 2 potions of attraction
 s - 2 potions of flight {unknown}
 w - 2 potions of curing {unknown}
 z - a potion of resistance {unknown}


   Skills:
 + Level 4.2 Fighting
 * Level 4.7 Polearms
 + Level 1.6 Throwing
 + Level 3.2 Armour
 + Level 3.1 Dodging


You had 5 spell levels left.
You didn't know any spells.
Your spell library was empty.

Dungeon Overview and Level Annotations

Branches:
Dungeon (6/15)
 Temple: D:4-7

Altars:
Kikubaaqudgha
Nemelex Xobeh
Okawaru

Shops:
D:5 (

Annotations:
D:4 Menkaure


Innate Abilities, Weirdness & Mutations

A demonic guardian rushes to your aid.
You sometimes gain a little power by taking damage.
Your skin changes colour to match your surroundings (Stealth+).
You are agile. (Dex +4, Str/Int -1)
Your mind is acute. (Int +4, Str/Dex -1)


Message History

You kill the orc!
Trog accepts your kill.
You hit the orc.
The orc is severely wounded.
The orc hits you but does no damage.
You hit the orc.
You kill the orc!
Trog accepts your kill.
No target in view!
No target in view!
Items here: ))) [[ †††.
You see here a +0 hand axe.
j - 57 stones (gained 6) Menkaure, Prince of Dust comes into view.
Your skin crawls.
You feel strong-willed.
Menkaure mumbles some strange words.
Menkaure seems to speed up.
You reach to attack!
You hit Menkaure.
Menkaure is moderately damaged.
Menkaure calls on the powers of darkness!
Your body is wracked with pain!
You reach to attack!
You hit Menkaure.
Menkaure is heavily damaged.
You hit Menkaure.
Menkaure is severely damaged.
Menkaure points at you and mumbles some strange words.
You resist with almost no effort.
You hit Menkaure.
Menkaure is almost destroyed.
Menkaure calls on the powers of darkness!
Your body is wracked with pain!
A demonic guardian appears!
You are too injured to fight recklessly!
You are too injured to fight recklessly!
You are too injured to fight recklessly!
You are too injured to fight recklessly!
You closely miss Menkaure.
Menkaure is almost destroyed.
Menkaure hits you!
You die...

#.# #.# #.# #.# #.#
#.###.# #.# #.# #.#
#...#.# #.# #.# #.#
###.#.# #.#*#.#**#.#
#.#.# #..,...,,#.#
#.#.# ###*#..,,..#
##.#.# **#####***,..#
#....###......,,,,,,*
#.#.4@M....#*****,,**
#....###...# *,,*
####.# **###*****,,*
#.# *,,,,,,,,,,,* #.#
*,*********,* #.# *,*
*,* #.# *,* ****,***
#.# *,* *,,,*,,,
*,***,* *,**,***


You could see Menkaure (fast, ally target) and a friendly hellwing (summoned).

Vanquished Creatures
  An ogre (D:5)
  A kobold brigand (D:6)
  A hound (D:4)
  An orc priest (D:4)
  An iguana (D:6)
  Robin (D:2)
  7 adders
  5 worms
  3 dart slugs
  5 orcs
  7 bats
  6 endoplasms
  5 giant cockroaches
  12 goblins
  8 hobgoblins
  7 jackals
  8 ball pythons
  7 frilled lizards
  8 kobolds
  5 rats
99 creatures vanquished.

Vanquished Creatures (collateral kills)
  An adder (D:3)
  A ball python (D:2)
  A hobgoblin (D:2)
3 creatures vanquished.

Grand Total: 102 creatures vanquished

Notes
Turn   | Place    | Note
-------+----------+-------------------------------------------
     0 | D:1      | MirrMurr the Demonspawn Berserker began the quest for the
                  | Orb.
     0 | D:1      | Reached XP level 1. HP: 18/18 MP: 1/1
   313 | D:1      | Gained mutation: A weak demonic guardian rushes to your
                  | aid. [demonic ancestry]
   313 | D:1      | Reached XP level 2. HP: 24/24 MP: 2/2
   834 | D:1      | Gained mutation: You sometimes gain a little power by
                  | taking damage. [demonic ancestry]
   834 | D:1      | Reached XP level 3. HP: 29/29 MP: 3/3
   892 | D:1      | Reached ** piety under Trog
  1525 | D:2      | Reached XP level 4. HP: 35/35 MP: 4/4
  1526 | D:2      | Noticed Robin
  1537 | D:2      | Killed Robin
  2159 | D:3      | Gained mutation: You are agile. (Dex +4, Str/Int -1)
                  | [potion of mutation]
  2159 | D:3      | Gained mutation: Your skin changes colour to match your
                  | surroundings (Stealth+). [potion of mutation]
  2159 | D:3      | Gained mutation: Your mind is acute. (Int +4, Str/Dex -1)
                  | [potion of mutation]
  2348 | D:3      | Identified the +7 whip "Hulk" {vorpal, rF+ rN+ Int+4}
  2468 | D:3      | Gained mutation: A demonic guardian rushes to your aid.
                  | [demonic ancestry]
  2468 | D:3      | Reached XP level 5. HP: 37/41 MP: 5/5
  2495 | D:3      | Reached *** piety under Trog
  2700 | D:3      | You fall into a shaft and drop 3 floors!
  2979 | D:6      | Reached skill level 1 in Throwing
  3102 | D:5      | Entered Level 5 of the Dungeon
  3127 | D:5      | Found Fatej's Weapon Emporium.
  3150 | D:5      | Reached XP level 6. HP: 47/48 MP: 6/6
  3171 | D:5      | Bought a +0 trident for 35 gold pieces
  3307 | D:5      | Found a sparkling altar of Nemelex Xobeh.
  3583 | D:3      | Found an ancient bone altar of Kikubaaqudgha.
  3583 | D:3      | Found an iron altar of Okawaru.
  3897 | D:4      | Found the +6 shillelagh "Devastator" {shatter}
  4175 | D:4      | Noticed Menkaure
  4187 | D:4      | Slain by Menkaure

Illustrated notes

Levels and vault maps discovered:
D:1:      minmay_arrival_doors, layout_loops_ring, minivault_19
D:2:      layout_loops_ring, minmay_joined_circles, uniq_robin
D:3:      layout_loops_ring, nicolae_overflow_two_pavilions, minmay_checkerbox
D:4:      layout_loops_ring, minmay_fractal_squares_gapless_5, uniq_menkaure
D:5:      layout_cave_pods, tso_oasis_becter, nemelex_dance_club_becter,
          nicolae_ru_the_path_less_chosen, minmay_temple_entry_stoned_glass,
          serial_shops, nicolae_lakefront_shop, shop_statue
D:6:      layout_layer_cave, kennysheep_orc_sif_temple, uniq_crazy_yiuf_cottage,
          uniq_pikel

Skill      XL: |  1  2  3  4  5  6 |
---------------+-------------------+-----
Dodging        | 2 3 |  3.1
Polearms       | 3 4 |  4.7
Armour         | 2 3 |  3.2
Throwing       | 1 |  1.6
Fighting       | 4 |  4.2

Action                   |  1- 3 |  4- 6 || total
-------------------------+-------+-------++-------
Melee: Spear             |   147 |   221 ||   368
       Punch             |     2 |     1 ||     3
Invok: Berserk           |       |     1 ||     1
       Trog's Hand       |       |     1 ||     1
  Use: Scroll            |       |    14 ||    14
       Potion            |       |     1 ||     1
Armor: Ring mail         |    31 |    11 ||    42
       Plate armour      |       |    61 ||    61
Dodge: Dodged            |    72 |    50 ||   122

Table legend: (Time is in decaauts)
 A = Elapsed time spent in this place.
 B = Non-inter-level travel time spent in this place.
 C = Inter-level travel time spent in this place.
 D = Time resting spent in this place.
 E = Time spent auto-exploring this place.
 F = Levels seen in this place.
 G = Mean time per level.
                   A        B        C        D        E       F      G
               +--------+--------+--------+--------+--------+-----+--------+
         Total |   4173 |   3966 |    207 |     21 |   3049 |   6 |  695.5 |
       Dungeon |   4173 |   3966 |    207 |     21 |   3049 |   6 |  695.5 |
               +--------+--------+--------+--------+--------+-----+--------+

Top non-repeatable levels by time:
     D:2: 1087 daAuts
     D:1: 1070 daAuts
     D:3: 853 daAuts
     D:4: 427 daAuts
     D:6: 413 daAuts
     D:5: 320 daAuts
